 Dungeon Crawl Stone Soup version 0.25.1-8-g42b30a86e7 (webtiles) character file.

Game seed: 16172134472891602281

60020 Gabide the Cruncher (level 15, 0/122 HPs)
             Began as a Human Abyssal Knight on Dec 1, 2020.
             Was the Champion of Lugonu.
             Slain by a snapping turtle (20 damage)
             ... on level 1 of the Shoals on Dec 2, 2020.
             The game lasted 01:40:33 (23161 turns).

Gabide the Cruncher (Human Abyssal Knight)         Turns: 23161, Time: 01:40:34

Health: 0/122      AC: 16    Str: 19    XL:     15   Next: 36%
Magic:  17/17      EV: 21    Int: 12    God:    Lugonu [******]
Gold:   3262       SH:  0    Dex: 17    Spells: 14/14 levels left

rFire    . . .     SeeInvis +   M - +2 arbalest (vorpal)
rCold    + . .     Gourm    .   (shield currently unavailable)
rNeg     . . .     Faith    .   t - +1 robe "Zumuesso" {Str+4}
rPois    .         Spirit   .   v - +2 helmet
rElec    .         Reflect  .   q - +2 cloak
rCorr    .         Harm     .   j - +2 pair of gloves
MR       +....                  (no boots)
Stlth    ++........             m - amulet of regeneration
HPRegen  0.70/turn              K - ring of Yhuomuc {rC+ AC+4}
MPRegen  0.15/turn              f - ring of see invisible

@: mighty, mesmerised
A: no striking features
a: Depart the Abyss, Bend Space, Banish, Corrupt, Enter the Abyss, Renounce
Religion


You were on level 1 of the Shoals.
You worshipped Lugonu.
Lugonu was exalted by your worship.
You were not hungry.

You visited 3 branches of the dungeon, and saw 20 of its levels.
You visited the Abyss 1 time.
You also visited: Ossuary.

You collected 3696 gold pieces.
You spent 434 gold pieces at shops.

Inventory:

Hand Weapons
 a - the +5 flail of Asasoableo {flame, rC- Str+6}
   (You found it on level 4 of the Lair of Beasts)

   It has been specially enchanted to burn those struck by it, causing extra
   injury to most foes and up to half again as much damage against particularly
   susceptible opponents.
   It affects your strength (+6).
   It makes you vulnerable to cold.
 b - the +5 trident of Kuebboq {vorpal, rF+}
   (You took it off a spriggan on level 12 of the Dungeon)

   It inflicts extra damage upon your enemies.
   It protects you from fire.
 u - a +5 lajatang of distortion
 G - a +4 morningstar
 M - a +2 vorpal arbalest (weapon)
Missiles
 y - 7 javelins
 T - 5 silver boomerangs
 V - 19 bolts (quivered)
Armour
 j - a +2 pair of gloves (worn)
 q - a +2 cloak (worn)
 s - a +2 animal skin
 t - the +1 robe "Zumuesso" (worn) {Str+4}
   (You found it on level 9 of the Dungeon)

   It affects your strength (+4).
 v - a +2 helmet (worn)
 P - a +1 robe of magic resistance
Jewellery
 e - an uncursed ring of magical power
 f - a ring of see invisible (right hand)
 h - an uncursed ring of protection from magic
 k - an uncursed ring of resist corrosion
 m - an amulet of regeneration (around neck)
 w - a cursed ring of stealth
 B - a +6 ring of intelligence
 C - an uncursed ring of stealth
 K - the ring of Yhuomuc (left hand) {rC+ AC+4}
   (You acquired it on level 5 of the Lair of Beasts)

   [ring of protection]

   It affects your AC (+4).
   It protects you from cold.
Wands
 g - a wand of iceblast (9)
 p - a wand of acid (15)
 F - a wand of paralysis (8)
 H - a wand of disintegration (8)
 L - a wand of enslavement (7)
 R - a wand of digging (5)
Scrolls
 l - 10 scrolls of remove curse
 D - 5 scrolls of teleportation
 I - 3 scrolls of magic mapping
 N - 2 scrolls of enchant armour
 O - 5 scrolls of amnesia
 S - a scroll of blinking
Potions
 d - 3 potions of flight
 o - 3 potions of brilliance
 r - a potion of lignification
 x - a potion of might
 z - 4 potions of stabbing
 A - a potion of mutation
 E - 3 potions of resistance
 U - a potion of magic
Miscellaneous
 i - a lightning rod (3/4)
Comestibles
 c - 33 rations


   Skills:
 * Level 12.6 Fighting
 - Level 9.5(12.4) Maces & Flails
 + Level 13.0(14.1) Staves
 + Level 12.9 Crossbows
 - Level 2.1 Armour
 * Level 12.5 Dodging
 + Level 2.5 Stealth
   Level 1.5 Shields
 + Level 3.3 Invocations


You had 14 spell levels left.
You didn't know any spells.
Your spell library contained the following spells:

 Spells                   Type           Power        Failure   Level  Hunger
 Apportation              Tloc           #.....       32%         1    ##.....
 Corona                   Hex            #......      32%         1    ##.....
 Summon Small Mammal      Summ           #...         32%         1    ##.....
 Call Imp                 Summ           #.......     45%         2    ###....
 Ensorcelled Hibernation  Hex/Ice        #.....       45%         2    ###....
 Poisonous Vapours        Pois/Air       #.....       45%         2    ###....
 Call Canine Familiar     Summ           #.......     69%         3    ####...
 Confusing Touch          Hex            #.......     69%         3    ####...
 Conjure Flame            Conj/Fire      #.......     69%         3    ####...
 Dazzling Flash           Conj/Hex       #.....       69%         3    ####...
 Mephitic Cloud           Conj/Pois/Air  #.......     69%         3    ####...
 Summon Guardian Golem    Hex/Summ       #.......     69%         3    ####...
 Tukima's Dance           Hex            #.......     69%         3    ####...
 Iskenderun's Mystic Bla  Conj/Tloc      #.......     97%         4    #####..
 Summon Ice Beast         Ice/Summ       #.......     97%         4    #####..
 Summon Lightning Spire   Summ/Air       #.......     97%         4    #####..
 Summon Forest            Summ/Tloc      #.........   100%        5    ######.
 Freezing Cloud           Conj/Ice/Air   #.........   100%        6    #######
 Ring of Flames           Chrm/Fire      #.........   100%        7    #######


Dungeon Overview and Level Annotations

Branches:
Dungeon (13/15)            Temple (0/1) D:6            Lair (6/6) D:8
 Shoals (1/4) Lair:4       Spider (0/4) Lair:3        Slime (0/5) Lair:5
    Orc (0/2) D:11        Ossuary (visited)
 Vaults: D:13-14

Altars:
Ashenzari
Cheibriados
Gozag
Hepliaklqana
Kikubaaqudgha
Nemelex Xobeh
Okawaru
Qazlal
Sif Muna
Trog
Uskayaw
Xom
Zin
The Shining One
Jiyva

Shops:
D:5 ?   D:6 ?   D:13 =

Portals:
Abyss: D:13
Trove: D:10 (lose all piety)

Annotations:
D:12 Retroyb's ghost, journeyman DECj
D:13 2 transporters, Clowwww's ghost, journeyman HOFi
Lair:6 corrupted


Message History

Press: ? - help, Shift-Dir - straight line, f/p - merfolk
Aim: a merfolk, wielding a +0 trident and quivering 2 boomerangs of dispersal (heavily wounded)
You shoot a bolt. The bolt hits the merfolk!
The merfolk is almost dead.
You hear a splash.
The snapping turtle closely misses you. x2
The merfolk siren chants a haunting song.
You are mesmerised by the merfolk siren!
The merfolk throws a boomerang of dispersal.
The boomerang of dispersal barely misses you.
Firing (i - inventory. (/) - cycle)
V - 20 bolts (quivered)
Press: ? - help, Shift-Dir - straight line, f/p - merfolk
Aim: a merfolk, wielding a +0 trident and quivering a boomerang of dispersal (almost dead)
You shoot a bolt. The bolt hits the merfolk!
You kill the merfolk!
Lugonu accepts your kill.
You hear a splash. x2
The snapping turtle misses you.
The snapping turtle bites you from afar!!
You die...

≈≈≈≈≈......≈≈≈≈.≈≈≈≈≈≈≈≈..
≈≈≈≈≈..#..≈≈≈≈≈....≈≈≈≈...
≈≈≈≈..###.≈)≈≈......≈≈≈(..
≈≈≈(..###.≈≈≈≈.......≈≈...
≈≈≈≈≈≈≈(.≈≈≈≈≈........≈≈≈≈
≈≈≈≈≈≈≈≈.c≈≈............≈≈
≈≈≈≈≈≈≈≈≈≈≈(≈(.†.........≈
≈≈≈≈≈≈≈≈≈≈≈≈≈≈......≈≈....
≈≈≈≈≈≈≈≈≈≈≈m≈≈t.@.≈.≈≈≈...
≈≈≈≈≈≈≈≈≈≈≈≈≈≈t....≈≈≈≈...
≈≈≈≈≈≈≈≈≈≈≈≈≈≈....≈≈≈≈...≈
≈≈≈≈≈≈≈≈≈≈≈≈≈≈......≈....≈
≈≈≈≈≈≈≈≈≈≈≈≈≈≈..........≈≈
≈≈≈≈≈≈≈≈≈≈≈≈≈...........≈≈
≈≈≈≈≈≈≈≈≈≈≈.....^.
≈≈≈≈≈≈≈≈≈≈≈≈..≈≈≈≈
≈≈≈≈≈≈≈≈≈≈≈≈≈≈≈


You could see 2 snapping turtles, a faun and a merfolk siren (mesmerising).

Vanquished Creatures
  5 hydras
  4 centaur warriors (D:13)
  4 death yaks (Lair:6)
  5 two-headed ogres
  A spriggan (D:12)
  3 unseen horrors
  2 wolf spiders (Lair:6)
  3 cyclopes
  4 ugly things
  4 manticores
  5 elephants
  5 black mambas
  16 spiny frogs
  A guardian serpent (Lair:6)
  6 komodo dragons
  2 hellwings (D:7)
  A merfolk (Shoals:1)
  A polar bear (Lair:5)
  5 hornets
  6 dream sheep (Lair:5)
  11 blink frogs
  9 hippogriffs
  11 wyverns
  20 yaks
  3 basilisks
  A hungry ghost (D:7)
  4 vampire mosquitoes (D:12)
  17 water moccasins
  A soldier ant (D:10)
  Menkaure (Ossuary)
  17 porcupines
  An ice beast (D:12)
  3 hornet zombies
  5 orc warriors
  2 sky beasts
  5 black bears
  13 wolves
  An eye of draining (D:11)
  4 ogres
  A boggart (D:12)
  A necrophage (D:7)
  A phantom (D:7)
  14 centaurs
  16 crocodiles
  3 big kobolds
  An elf zombie (D:5)
  11 bullfrogs
  An elf skeleton (D:5)
  A water moccasin zombie (D:7)
  A wyvern zombie (D:7)
  5 scorpions
  A wyvern skeleton (D:13)
  7 killer bees
  An electric eel (Lair:4)
  9 wights
  4 howler monkeys
  6 crimson imps
  2 bullfrog zombies
  5 hounds
  2 bullfrog skeletons (D:12)
  4 centaur skeletons
  6 centaur zombies
  2 human skeletons (D:5)
  4 jellies
  9 orc priests
  7 iguanas
  6 orc wizards
  14 worker ants
  2 killer bee zombies
  A hound zombie (D:11)
  A hound skeleton (D:10)
  3 mummies (Ossuary)
  A howler monkey zombie (D:9)
  Robin (D:3)
  9 gnolls
  A howler monkey skeleton (D:3)
  16 adders
  6 shadow imps
  3 oozes
  2 adder skeletons
  8 worms
  2 dart slugs
  2 leopard geckos
  45 orcs
  3 ball pythons
  7 giant cockroaches
  20 goblins
  6 hobgoblins
  15 jackals
  21 kobolds
  6 quokkas
  16 bats
  5 frilled lizards
  6 gnoll skeletons (Ossuary)
  3 gnoll zombies (Ossuary)
  5 goblin skeletons (Ossuary)
  4 goblin zombies (Ossuary)
  A hobgoblin skeleton (Ossuary)
  3 hobgoblin zombies (Ossuary)
  3 kobold skeletons (Ossuary)
  2 kobold zombies (Ossuary)
  5 orc skeletons
  9 orc zombies
  2 quokka skeletons (D:6)
  A quokka zombie (D:7)
  12 rats
  6 rat skeletons (Ossuary)
  5 rat zombies (Ossuary)
  A fungus (Lair:2)
627 creatures vanquished.

Vanquished Creatures (collateral kills)
  A gnoll sergeant (D:8)
  3 gnolls (D:8)
4 creatures vanquished.

Vanquished Creatures (others)
  A hydra (Lair:6)
  A death yak (Lair:6)
  A black mamba (Lair:6)
  9 elephants
  4 spiny frogs
  A polar bear (Lair:2)
  2 hippogriffs (D:13)
  A blink frog (Lair:2)
  A porcupine (D:8)
  A redback (Lair:6)
  2 wyverns (Lair:6)
  A basilisk (Lair:5)
  6 water moccasins
  An orc warrior (D:13)
  3 wolves
  2 crocodiles
  An adder (Lair:1)
  23 bushes (Lair:2)
  46 fungi
  31 plants
  4 tentacles (Shoals:1)
142 creatures vanquished.

Grand Total: 773 creatures vanquished

Notes
Turn   | Place    | Note
-------+----------+-------------------------------------------
     0 | Abyss:1  | Gabide the Human Abyssal Knight began the quest for the
                  | Orb.
     0 | Abyss:1  | Reached XP level 1. HP: 18/18 MP: 2/2
    37 | Abyss:1  | Found a shimmering altar of Xom.
   191 | Abyss:1  | Found a shimmering altar of Xom.
   211 | Abyss:1  | Noticed a starcursed mass
   214 | D:1      | Escaped the Abyss
   590 | D:1      | Reached XP level 2. HP: 24/24 MP: 3/3
   870 | D:1      | Reached * piety under Lugonu
  1294 | D:1      | Reached XP level 3. HP: 29/29 MP: 4/4
  2101 | D:2      | Reached XP level 4. HP: 35/35 MP: 5/5
  2913 | D:3      | Found a shimmering altar of Xom.
  2916 | D:3      | Found a shimmering altar of Xom.
  2921 | D:3      | Reached ** piety under Lugonu
  3006 | D:3      | Reached XP level 5. HP: 25/41 MP: 6/6
  3085 | D:3      | HP: 1/41 [gnoll/cursed -2 halberd (6)]
  3108 | D:3      | Found a sparkling altar of Nemelex Xobeh.
  3183 | D:4      | Found a snail-covered altar of Cheibriados.
  3598 | D:4      | Reached XP level 6. HP: 48/48 MP: 7/7
  4162 | D:3      | Reached skill level 5 in Maces & Flails
  4310 | D:3      | Noticed Robin
  4327 | D:3      | Killed Robin
  4826 | D:3      | Reached *** piety under Lugonu
  4826 | D:3      | Reached XP level 7. HP: 44/53 MP: 8/8
  4965 | D:3      | Found an opulent altar of Gozag.
  5197 | D:5      | Entered Level 5 of the Dungeon
  5254 | D:5      | Reached skill level 1 in Shields
  5378 | D:5      | Found a sand-covered staircase.
  5411 | Ossuary  | Entered an ossuary
  5504 | Ossuary  | Reached **** piety under Lugonu
  5723 | Ossuary  | Noticed Menkaure
  5737 | Ossuary  | Killed Menkaure
  5737 | Ossuary  | Reached XP level 8. HP: 35/60 MP: 9/9
  5890 | D:5      | Identified a scroll of acquirement
  5890 | D:5      | Acquired 2080 gold pieces
  6113 | D:5      | Reached ***** piety under Lugonu
  6316 | D:5      | Found an iron altar of Okawaru.
  6461 | D:5      | Found Nouhiazo's Magic Scroll Shop.
  6467 | D:5      | Bought a scroll of identify for 28 gold pieces
  6467 | D:5      | Bought a scroll of enchant armour for 105 gold pieces
  6488 | D:5      | Found a shimmering altar of Xom.
  6737 | D:5      | Reached skill level 5 in Fighting
  6744 | D:5      | Reached XP level 9. HP: 62/68 MP: 10/10
  6785 | D:5      | Reached skill level 5 in Dodging
  7049 | D:6      | Reached skill level 1 in Staves
  7057 | D:6      | Reached skill level 2 in Staves
  7102 | D:6      | Found a staircase to the Ecumenical Temple.
  7111 | D:6      | Found Yliahate's Magic Scroll Emporium.
  7119 | D:6      | Bought 2 scrolls of enchant weapon for 210 gold pieces
  7119 | D:6      | Bought a scroll of fear for 49 gold pieces
  7119 | D:6      | Bought a scroll of teleportation for 42 gold pieces
  7354 | D:6      | Found a shimmering blue altar of Sif Muna.
  7564 | D:7      | Noticed a hellwing
  7565 | D:7      | Noticed a hellwing
  7587 | D:7      | Found a bloodstained altar of Trog.
  7703 | D:7      | Reached skill level 1 in Crossbows
  7772 | D:7      | Found an ancient bone altar of Kikubaaqudgha.
  7772 | D:7      | Found a glowing golden altar of the Shining One.
  7913 | D:7      | Reached XP level 10. HP: 72/76 MP: 11/11
  8044 | D:7      | Reached skill level 3 in Staves
  8479 | D:7      | Found a shattered altar of Ashenzari.
  8487 | D:7      | Found a hazy altar of Hepliaklqana.
  8491 | D:7      | Found a glowing silver altar of Zin.
  8929 | D:8      | Found a hide-covered altar of Uskayaw.
  8959 | D:8      | Reached skill level 5 in Crossbows
  8999 | D:8      | Reached XP level 11. HP: 38/85 MP: 12/12
  9177 | D:8      | Reached ****** piety under Lugonu
  9200 | D:8      | Found a staircase to the Lair.
  9718 | D:9      | Reached skill level 10 in Dodging
  9893 | D:9      | Got a silken robe
  9906 | D:9      | Identified the +1 robe "Zumuesso" {Str+4} (You found it on
                  | level 9 of the Dungeon)
 10092 | D:9      | Noticed a two-headed ogre
 10114 | D:9      | Killed a two-headed ogre
 10259 | D:9      | Found a stormy altar of Qazlal.
 10785 | D:9      | Got a warped shortbow
 10786 | D:9      | Identified the cursed +1 shortbow "Ogrebane" {speed, rC-
                  | rN+ MR+++ Int-4} (You found it on level 9 of the Dungeon)
 10910 | D:10     | Entered Level 10 of the Dungeon
 10938 | D:10     | Found a portal to a secret trove of treasure.
 10995 | D:10     | Noticed a manticore
 11003 | D:10     | Killed a manticore
 11369 | D:10     | Noticed an unseen horror
 11373 | D:10     | Killed an unseen horror
 11453 | D:10     | Noticed an unseen horror
 11458 | D:10     | Killed an unseen horror
 11656 | D:11     | Noticed a manticore
 11666 | D:11     | Killed a manticore
 11786 | D:11     | Reached XP level 12. HP: 63/94 MP: 14/14
 11899 | D:11     | Reached skill level 10 in Crossbows
 12609 | D:11     | Reached skill level 4 in Staves
 12708 | D:11     | Found a staircase to the Orcish Mines.
 12808 | D:11     | Noticed a two-headed ogre
 12816 | D:11     | Killed a two-headed ogre
 12816 | D:11     | Reached skill level 5 in Staves
 12959 | D:11     | Noticed a two-headed ogre
 12967 | D:11     | Killed a two-headed ogre
 13117 | D:11     | Reached skill level 6 in Staves
 13239 | D:12     | Noticed a two-headed ogre
 13250 | D:12     | Killed a two-headed ogre
 13374 | D:12     | Found a runed translucent door.
 13386 | D:12     | Noticed an unseen horror
 13414 | D:12     | Killed an unseen horror
 13414 | D:12     | Reached skill level 7 in Staves
 13637 | D:12     | Reached skill level 8 in Staves
 13673 | D:12     | HP: 3/96 [vampire mosquito (6)]
 13711 | D:12     | Reached XP level 13. HP: 41/101 MP: 15/15
 13888 | D:12     | Identified a +3 lajatang of distortion (a +1 lajatang
                  | corrupted by Lugonu)
 13888 | D:12     | Received a gift from Lugonu
 14423 | D:12     | Noticed Retroyb's ghost (journeyman DECj)
 14425 | D:12     | Identified the +5 trident of Kuebboq {vorpal, rF+}
 14730 | D:13     | Reached skill level 9 in Staves
 14829 | D:13     | Noticed a centaur warrior
 14840 | D:13     | Killed a centaur warrior
 14848 | D:13     | Reached skill level 10 in Fighting
 14987 | D:13     | Noticed a centaur warrior
 14994 | D:13     | Found Oriblor's Jewellery Shop.
 15003 | D:13     | Killed a centaur warrior
 15172 | D:13     | Found a shattered altar of Ashenzari.
 15184 | D:13     | Identified the +7 battleaxe "Guorob" {distort, +Blink MR+
                  | Int-5 Dex+2}
 15185 | D:13     | Found a transporter.
 15185 | D:13     | Noticed Clowwww's ghost (journeyman HOFi)
 15186 | D:13     | Found a one-way gate to the infinite horrors of the Abyss.
 15198 | D:13     | Noticed a centaur warrior
 15206 | D:13     | Killed a centaur warrior
 15389 | D:13     | Found a transporter.
 15429 | D:13     | Identified Sif Muna's Grimoire of Ensnaring Displacement
 15450 | D:13     | Noticed a centaur warrior
 15456 | D:13     | Killed a centaur warrior
 15456 | D:13     | Reached skill level 10 in Staves
 15783 | Lair:1   | Entered Level 1 of the Lair of Beasts
 15996 | Lair:1   | Found a bloodstained altar of Trog.
 16840 | Lair:2   | Reached skill level 11 in Staves
 16990 | Lair:2   | Reached XP level 14. HP: 99/111 MP: 16/16
 18162 | Lair:3   | Found a hole to the Spider Nest.
 19054 | Lair:4   | Got a shimmering flail
 19055 | Lair:4   | Identified the +5 flail of Asasoableo {flame, rC- Str+6}
                  | (You found it on level 4 of the Lair of Beasts)
 19093 | Lair:4   | Found a staircase to the Shoals.
 19777 | Lair:4   | Reached skill level 12 in Staves
 19842 | Lair:4   | Reached skill level 1 in Stealth
 20330 | Lair:5   | Acquired the ring of Yhuomuc {rC+ AC+4}
 20805 | Lair:5   | Found a viscous altar of Jiyva.
 20805 | Lair:5   | Found a staircase to the Slime Pits.
 21032 | Lair:6   | Entered Level 6 of the Lair of Beasts
 21583 | Lair:6   | Reached XP level 15. HP: 78/121 MP: 17/17
 21691 | Lair:6   | Corrupted Lair:6
 23121 | Shoals:1 | Entered Level 1 of the Shoals
 23121 | Shoals:1 | Noticed a kraken
 23149 | Shoals:1 | Reached skill level 13 in Staves
 23161 | Shoals:1 | Slain by a snapping turtle

Illustrated notes

Levels and vault maps discovered:
D:1:      dpeg_arrival_erosion, layout_basic
D:2:      layout_basic, first_ration
D:3:      layout_basic, grunt_temple_overflow_opulence, serial_bayou_ford_a,
          xom_redecorated, uniq_robin
D:4:      layout_cave_pods, kennysheep_slug_shrine, serial_park,
          serial_park_gazebo [serial_park_minivault_5x5_7], serial_park_square2
D:5:      minmay_recursive_quarters, layout_rooms, lemuel_doored_altar,
          okawaru_trees_1, nicolae_ossuary_entry_catacombs, serial_shops,
          nicolae_shop_trees, minmay_ogre_servants
D:6:      layout_rooms, led_sif_book, minmay_temple_entry_crystal_x,
          serial_shops, shop_fountains, minmay_manual_moon
D:7:      cheibrodos_grave_circle, layout_loops_corners, minitemple,
          gammafunk_temple_overflow_wave, basic_altar, grunt_ogre_cave,
          supply_closet_lemuel
D:8:      layout_rooms, lemuel_round_altar, minmay_lair_entry_grove
D:9:      layout_stronghold, grunt_qazlal_sundering
D:10:     layout_basic, nicolae_trove_entry_free_sample
D:11:     layout_long_grid, david_orc_3, minmay_quadrilaterals
D:12:     layout_small_grid, gauntlet_entry_generic, ebering_ghost_funeral_grove
D:13:     minmay_weird_star, layout_irregular_city, serial_shops, shop,
          gammafunk_ghost_abyssal_escape, evilmike_ruin_ashenzari
Lair:1:   minmay_lair_venomous_thicket, layout_cave_pods, basic_altar,
          roderic_batcave
Lair:2:   layout_loops_ring, st_stairs_5, minmay_hedge_maze,
          lemuel_old_faithful, grunt_megastairs_1, infiniplex_staircase_pool,
          serial_bayou_shore_b
Lair:3:   layout_regular_city, nicolae_spider_entry_non_spiders
Lair:4:   layout_layer_cave, minmay_shoals_entry_centaurs, serial_bayou_shore_a
Lair:5:   layout_hall_layers, dpeg_slime_entry_enclosed_altar,
          infiniplex_staircase_pool_2
Lair:6:   hangedman_lair_tendril_chambers, layout_long_grid
Shoals:1: layout_shoals, ldierk_geyser

Skill      XL: |  1  2  3  4  5  6  7  8  9 10 11 12 13 14 15 |
---------------+----------------------------------------------+-----
Maces & Flails | 3 4 5 6 8 9 |  9.5
Dodging        | 2 3 4 7 9 10 11 12 | 12.5
Fighting       | 4 5 6 7 8 9 10 12 | 12.6
Shields        | 1 |  1.5
Staves         | 2 3 8 11 12 13 | 13.0
Crossbows      | 2 5 9 10 11 12 | 12.9
Invocations    | 3 |  3.3
Stealth        | 1 2 |  2.5
Armour         | |  2.1

Action                   |  1- 3 |  4- 6 |  7- 9 | 10-12 | 13-15 || total
-------------------------+-------+-------+-------+-------+-------++-------
Melee: Mace              |   102 |   207 |   246 |       |       ||   555
       Quarterstaff      |       |       |   240 |       |       ||   240
       Morningstar       |       |       |   101 |   336 |       ||   437
       Lajatang          |       |       |       |   257 |   504 ||   761
       Arbalest          |       |       |       |       |     1 ||     1
 Fire: Arbalest          |       |       |       |   141 |   265 ||   406
Throw: Throwing net      |       |     3 |     1 |     4 |     1 ||     9
       Dart              |       |    14 |    33 |     9 |       ||    56
       Javelin           |       |    12 |    24 |    11 |    29 ||    76
Invok: Depart the Abyss  |     1 |       |       |       |       ||     1
       Bend Space        |       |     3 |     2 |     4 |    10 ||    19
       Brand Weapon With |       |       |       |       |     1 ||     1
       Corrupt           |       |       |       |       |     1 ||     1
Evoke: Wand              |       |       |       |     4 |    13 ||    17
       Lightning rod     |       |       |       |       |     3 ||     3
  Use: Scroll            |     8 |     6 |     4 |    13 |    22 ||    53
       Potion            |       |     3 |     4 |    17 |     9 ||    33
 Stab: Sleeping          |       |       |     1 |       |     2 ||     3
       Distracted        |       |       |     1 |       |     1 ||     2
       Held in net/web   |       |       |       |     2 |     1 ||     3
  Eat: Chunk             |     4 |     8 |     5 |    13 |    17 ||    47
       Ration            |       |       |     4 |     2 |     4 ||    10
Armor: Leather armour    |    48 |    66 |       |       |       ||   114
       Animal skin       |       |    14 |   210 |    55 |       ||   279
       Robe              |       |       |       |   126 |   162 ||   288
       Skin              |       |       |       |       |    44 ||    44
Dodge: Dodged            |    89 |   167 |   401 |   861 |   727 ||  2245
Block: Buckler           |       |     6 |    49 |    33 |       ||    88
